 Dungeon Crawl Stone Soup version 0.18.1-47-g9310371 (webtiles) character file.

8746 Peloso the Blocker (level 11, -4/97 HPs)
             Began as a Minotaur Fighter on June 19, 2016.
             Was a High Priest of Okawaru.
             Slain by a red ugly thing (10 damage)
             ... on level 11 of the Dungeon.
             The game lasted 00:25:53 (10238 turns).

Peloso the Blocker (Minotaur Fighter)              Turns: 10238, Time: 00:25:54

Health: -4/97      AC: 18    Str: 21    XL:     11   Next: 14%
Magic:  8/10       EV: 13    Int:  5    God:    Okawaru [*****.]
Gold:   545        SH: 10    Dex: 13    Spells: 0 memorised, 10 levels left

rFire  + . .     SeeInvis .     a - +1 long sword
rCold  + . .     Gourm    +     N - +0 chain mail {rC+}
rNeg   . . .     Faith    .     R - +2 buckler
rPois  .         Spirit   .     (helmet restricted)
rElec  .         Dismiss  .     D - +0 cloak
rCorr  .         Reflect  .     t - +0 pair of gloves
SustAt .         Harm     .     Q - +0 pair of boots
MR     .....                    A - amulet of the gourmand
Stlth  ..........               n - ring of protection from cold
                                l - ring of fire

@: about to teleport, heroism, not resistant to hostile enchantments, extremely
unstealthy
A: retaliatory headbutt, horns 2
a: Heroism, Finesse, Renounce Religion


You were on level 11 of the Dungeon.
You worshipped Okawaru.
Okawaru was extremely pleased with you.
You were very full.

You visited 2 branches of the dungeon, and saw 12 of its levels.
You also visited: Ossuary.

You collected 545 gold pieces.

Inventory:

Hand Weapons
 a - a +1 long sword (weapon)
 i - a +2 morningstar
 q - a +1 battleaxe
Armour
 c - a +0 shield
 t - a +0 pair of gloves (worn)
 v - a +1 plate armour
 D - a +0 cloak (worn)
 N - a +0 chain mail of cold resistance (worn)
 Q - a +0 pair of boots (worn)
 R - a +2 buckler (worn)
Jewellery
 l - a ring of fire (left hand)
 n - a ring of protection from cold (right hand)
 A - an amulet of the gourmand (around neck)
Wands
 x - a wand of hasting (6/9)
 z - a wand of teleportation (4/9)
 I - a wand of flame (15/48)
 K - a wand of confusion (9/48)
 L - a wand of digging (11/24)
Scrolls
 m - 2 scrolls of teleportation
 y - 2 scrolls of amnesia
 C - 3 scrolls of recharging
 F - a scroll of magic mapping
 J - a scroll of enchant weapon
 M - a scroll of identify
 O - 2 scrolls of blinking
Potions
 b - a potion of degeneration {unknown}
 d - a potion of might
 e - a potion of haste
 h - 5 potions of cancellation
 j - 4 potions of curing
 k - a potion of brilliance
 o - 2 potions of agility
 p - a potion of flight
 r - 2 potions of invisibility
 s - 3 potions of heal wounds {unknown}
 u - 2 potions of ambrosia {unknown}
 w - 5 potions of resistance {unknown}
 B - 2 potions of beneficial mutation {unknown}
 G - 2 potions of mutation {unknown}
Books
 P - a book of Transfigurations

   Spells                             Type                      Level
   a - Irradiate                      Conjuration/Transmutation    5
   b - Statue Form                    Transmutation/Earth          6
   c - Hydra Form                     Transmutation                6
   d - Dragon Form                    Transmutation                7
Comestibles
 f - 6 bread rations
 g - 5 meat rations
 E - 3 slices of pizza
 H - 24 fruits


   Skills:
 + Level 9.1(14.1) Fighting
 + Level 10.4(15.4) Long Blades
 + Level 10.7(15.7) Armour
 + Level 4.2(9.2) Dodging
 + Level 1.0(6.0) Stealth
 + Level 11.6(16.6) Shields
 + Level 0.4 Invocations
 + Level 0.5 Evocations


You had 10 spell levels left.
You didn't know any spells.

Dungeon Overview and Level Annotations

Branches:
Dungeon (11/15)            Temple (1/1) D:6            Lair (0/8) D:11
    Orc: D:9-12

Altars:
Ashenzari
Cheibriados
Dithmenos
Fedhas
Kikubaaqudgha
Nemelex Xobeh
Okawaru
Pakellas
Qazlal
Trog
Vehumet
Xom
The Shining One


Innate Abilities, Weirdness & Mutations

You reflexively headbutt those who attack you in melee.
You have a pair of horns on your head.


Message History

You slice the red ugly thing!!
The red ugly thing is moderately wounded.
The red ugly thing kicks you!
You are engulfed in flames.
You resist.
* * * LOW HITPOINT WARNING * * *
You barely miss the red ugly thing.
The red ugly thing is moderately wounded.
You block the red ugly thing's attack.
You slash the red ugly thing!
Your headbutt misses the red ugly thing.
The red ugly thing is moderately wounded.
The red ugly thing kicks you!
* * * LOW HITPOINT WARNING * * *
You are engulfed in flames!
You resist.
* * * LOW HITPOINT WARNING * * *
Read which item? (? for menu, Esc to quit)
As you read the scroll of teleportation, it crumbles to dust.
You feel strangely unstable. The red ugly thing kicks you!
* * * LOW HITPOINT WARNING * * *
You are engulfed in flames!
You resist.
You die...

..#.#
#.....#≈≈≈P#..≈≈..≈
..#.#
#####.#††###...≈.>.
....# #.#.##
...≈≈.. .#..####
#.#.# #..≈≈≈≈
##.....##### #.#.#
...≈≈ ...>.......#
#.#.# ...........#
.#.# ...........#
.#u#
...........###.#@#
...............#.#
.....†.......(.#.##
...............#...
#...............##
# #.#.#######.....#
# #.#.# #.....# #
#.#.# #.....#.# #
#.#.#######.....#.#
#


You could see a red ugly thing.

Vanquished Creatures
  An unseen horror (D:10)
  Pikel (D:7)
  2 hill giants (D:10)
  A gargoyle (D:10)
  3 trolls
  Sigmund (D:5)
  4 yaks (D:11)
  Eustachio (D:4)
  A hungry ghost (D:10)
  2 hell hounds (D:11)
  Duvessa (D:7)
  2 orc warriors
  An ice beast (D:10)
  2 sky beasts
  3 phantoms
  4 ogres
  2 black bears (D:6)
  3 centaurs
  A big kobold (D:8)
  9 giant frogs
  5 scorpions
  Dowan (D:7)
  3 killer bees (D:11)
  8 wights
  An electric eel (D:11)
  5 crimson imps
  A howler monkey (D:4)
  A centaur zombie (Ossuary)
  A gnoll shaman (D:9)
  3 orc priests
  3 jellies
  A quasit (D:8)
  A human zombie (Ossuary)
  7 giant frog skeletons
  4 hounds
  3 iguanas
  4 orc wizards
  Crazy Yiuf (D:5)
  8 worker ants
  2 killer bee zombies
  2 big kobold zombies (Ossuary)
  5 hound skeletons
  2 hound zombies (D:5)
  3 mummies (Ossuary)
  A worker ant zombie (D:5)
  Robin (D:4)
  8 gnolls
  10 adders
  A shadow imp (D:11)
  2 oozes (D:4)
  2 adder zombies (Ossuary)
  A worm (D:2)
  4 giant geckos
  30 orcs
  3 giant cockroaches
  3 gnoll zombies (Ossuary)
  12 goblins
  16 hobgoblins
  2 jackals (D:1)
  8 kobolds
  5 quokkas
  A ball python (D:1)
  7 bats
  A giant gecko skeleton (D:4)
  4 giant newts
  4 goblin zombies (Ossuary)
  2 hobgoblin zombies (Ossuary)
  A jackal skeleton (D:4)
  3 jackal zombies (Ossuary)
  3 kobold zombies (Ossuary)
  4 orc zombies (Ossuary)
  A quokka skeleton (D:6)
  5 quokka zombies
  6 rats
  2 rat zombies (Ossuary)
273 creatures vanquished.

Vanquished Creatures (others)
  17 plants (D:11)
17 creatures vanquished.

Grand Total: 290 creatures vanquished

Notes
Turn   | Place    | Note
--------------------------------------------------------------
     0 | D:1      | Peloso the Minotaur Fighter began the quest for the Orb.
     0 | D:1      | Reached XP level 1. HP: 19/19 MP: 0/0
   102 | D:1      | Reached XP level 2. HP: 20/27 MP: 1/1
   496 | D:1      | Reached skill level 4 in Shields
   831 | D:2      | Reached XP level 3. HP: 33/33 MP: 2/2
   853 | D:2      | Reached skill level 1 in Dodging
   954 | D:2      | HP: 1/33 [poisoned by an adder]
  1596 | D:3      | Found a shadowy altar of Dithmenos.
  1634 | D:2      | Reached XP level 4. HP: 25/40 MP: 3/3
  2140 | D:3      | Reached XP level 5. HP: 37/47 MP: 4/4
  2746 | D:4      | Noticed a phantom
  2757 | D:3      | Reached skill level 5 in Armour
  2954 | D:4      | Found a shimmering altar of Xom.
  2974 | D:4      | Killed a phantom
  2974 | D:4      | Reached skill level 5 in Shields
  2974 | D:4      | Reached XP level 6. HP: 43/53 MP: 5/5
  3122 | D:4      | Noticed Eustachio
  3140 | D:4      | Killed Eustachio
  3140 | D:4      | Reached XP level 7. HP: 44/60 MP: 6/6
  3183 | D:4      | Reached skill level 5 in Fighting
  3183 | D:4      | Reached skill level 6 in Shields
  3221 | D:4      | Noticed Robin
  3230 | D:4      | Killed Robin
  3768 | D:5      | Entered Level 5 of the Dungeon
  4174 | D:5      | Found an oddly glowing altar of Pakellas.
  4222 | D:5      | Reached skill level 5 in Long Blades
  4360 | D:5      | Noticed Crazy Yiuf
  4365 | D:5      | Killed Crazy Yiuf
  4485 | D:5      | Reached skill level 7 in Shields
  4485 | D:5      | Reached XP level 8. HP: 36/69 MP: 7/7
  4496 | D:5      | Noticed Sigmund
  4503 | D:5      | Killed Sigmund
  4953 | D:6      | Found a sand-covered staircase.
  4963 | Ossuary  | Entered an ossuary
  5186 | Ossuary  | Reached skill level 8 in Shields
  5661 | D:6      | Found a staircase to the Ecumenical Temple.
  5705 | Temple   | Entered the Ecumenical Temple
  5718 | Temple   | Became a worshipper of Warmaster Okawaru
  5775 | D:6      | Found a bloodstained altar of Trog.
  6035 | D:6      | Reached XP level 9. HP: 66/77 MP: 8/8
  6525 | D:7      | Reached skill level 9 in Shields
  6636 | D:7      | Noticed Pikel
  6648 | D:7      | Killed Pikel
  6648 | D:7      | Reached * piety under Okawaru
  6656 | D:7      | Noticed Dowan
  6658 | D:7      | Noticed Duvessa
  6662 | D:7      | Killed Dowan
  6675 | D:7      | Killed Duvessa
  7351 | D:8      | Reached ** piety under Okawaru
  7371 | D:8      | Reached skill level 10 in Shields
  7608 | D:9      | Found a radiant altar of Vehumet.
  7618 | D:9      | Found a glowing golden altar of the Shining One.
  7704 | D:9      | Found a blossoming altar of Fedhas.
  7707 | D:9      | Found a snail-covered altar of Cheibriados.
  7763 | D:9      | Reached XP level 10. HP: 78/86 MP: 9/9
  8143 | D:9      | Found a shattered altar of Ashenzari.
  8299 | D:10     | Entered Level 10 of the Dungeon
  8337 | D:10     | Noticed a hill giant
  8349 | D:10     | Killed a hill giant
  8370 | D:10     | Reached skill level 10 in Armour
  8528 | D:10     | Reached *** piety under Okawaru
  8614 | D:10     | Reached skill level 1 in Stealth
  8617 | D:10     | Noticed a hill giant
  8632 | D:10     | Killed a hill giant
  8632 | D:10     | Reached skill level 11 in Shields
  8859 | D:10     | Noticed a gargoyle
  8876 | D:10     | Killed a gargoyle
  9359 | D:10     | Killed an unseen horror
  9359 | D:10     | Reached **** piety under Okawaru
  9359 | D:10     | Reached skill level 10 in Long Blades
  9782 | D:11     | Reached XP level 11. HP: 91/95 MP: 10/10
 10196 | D:11     | Found a staircase to the Lair.
 10217 | D:11     | Noticed a red ugly thing
 10225 | D:11     | Reached ***** piety under Okawaru
 10238 | D:11     | Slain by a red ugly thing

Skill      XL: |  1  2  3  4  5  6  7  8  9 10 11 |
---------------+----------------------------------+-----
Shields        | 4 5 7 8 10 11 | 11.6
Armour         | 4 5 6 7 8 9 10 | 10.7
Fighting       | 4 5 6 7 8 9 |  9.1
Dodging        | 1 2 3 4 |  4.2
Long Blades    | 3 4 5 6 8 10 | 10.4
Stealth        | 1 |  1.0
Invocations    | |  0.4
Evocations     | |  0.5

Action                   |  1- 3 |  4- 6 |  7- 9 | 10-12 || total
-------------------------+-------+-------+-------+-------++-------
Melee: Long sword        |   115 |   111 |   500 |   298 ||  1024
       Headbutt          |    19 |    27 |   115 |    67 ||   228
Invok: Heroism           |       |       |       |     5 ||     5
Evoke: Wand              |       |     1 |     1 |     2 ||     4
  Use: Potion            |     1 |       |       |     1 ||     2
       Scroll            |       |     5 |    14 |     1 ||    20
  Eat: Chunk             |     2 |     5 |    32 |    17 ||    56
Armor: Scale mail        |    55 |    10 |       |       ||    65
       Plate armour      |       |    63 |   373 |    46 ||   482
       Chain mail        |       |       |       |    61 ||    61
Dodge: Dodged            |    40 |    35 |   119 |    71 ||   265
Block: Shield            |    59 |    72 |   382 |   146 ||   659
       Buckler           |       |       |       |    21 ||    21
